Long Beach Ice Dogs vs Philadelphia Phantoms
Created - Wednesday, May 31, 2023 at 09:33
Goals
|
| Long Beach Ice Dogs |
1 |
1 |
1 |
3 |
| Philadelphia Phantoms |
2 |
2 |
0 |
4 |
|
Shots
|
| Long Beach Ice Dogs |
13 |
8 |
9 |
30 |
| Philadelphia Phantoms |
9 |
14 |
11 |
34 |
|
1st period
1. Philadelphia Phantoms , Jack McBain 30 (Tyson Foerster 14, William Borgen 9) at 9:33
2. Philadelphia Phantoms , Alex Steeves 12 (Derrick Pouliot 16) at 12:12
3. Long Beach Ice Dogs , Logan Brown 19 (Janis Moser 12, Spencer Martin) at 16:17
Penalties :
Casey Fitzgerald (PHI) for Fighting (Major) at 2:41, Victor Rask (TRM) for Fighting (Major) at 2:41, Casey Fitzgerald (PHI) for instigated a fight (Minor) at 2:41, Casey Fitzgerald (PHI) for instigated a fight (10 Minutes Misconduct) at 2:41, Mason Shaw (PHI) for Tripping (Minor) at 7:06, Brendan Gallagher (TRM) for Hooking (Minor) at 9:38, Janis Moser (TRM) for Hooking (Minor) at 12:29
2nd period
4. Philadelphia Phantoms , Mason Shaw 15 (Otto Koivula 21, Casey Fitzgerald 15) at 3:01
5. Philadelphia Phantoms , Nick Cousins 39 (Blake Lizotte 53, Nathan Bastian 49) at 6:25 (PP)
6. Long Beach Ice Dogs , Mathieu Olivier 13 (Logan Brown 16, Janis Moser 13) at 9:13
Penalties :
Trey Fix-Wolansky (TRM) for Hooking (Minor) at 6:18, Brad Hunt (PHI) for Fighting (Major) at 9:51, Riley Stillman (TRM) for Fighting (Major) at 9:51, Riley Stillman (TRM) for instigated a fight (Minor) at 9:51, Riley Stillman (TRM) for instigated a fight (10 Minutes Misconduct) at 9:51
3rd period
7. Long Beach Ice Dogs , Victor Rask 26 (Alex Galchenyuk 26, Mark Pysyk 25) at 0:10
Penalties :
William Borgen (PHI) for Hooking (Minor) at 1:24, Brett Murray (PHI) for Roughing (Minor) at 4:18, Mathieu Olivier (TRM) for Tripping (Minor) at 6:54, Mason Shaw (PHI) for Hooking (Minor) at 9:27, Jujhar Khaira (TRM) for Holding (Minor) at 18:15
Goalie Stats
Spencer Martin (TRM), 30 saves from 34 shots - (0.882), L, 19-19-1, 60:00 minutes
Dereck Baribeau (PHI), 27 saves from 30 shots - (0.900), W, 17-6-1, 60:00 minutes
Players Stats for Long Beach Ice Dogs
Player Name G A P +/- PIM S H SB GA TA FO MP PP MP PK MP
------------------------------------------------------------------------------------
Alex Galchenyuk 0 1 1 1 0 2 2 0 0 0 0/0 16:10 4:45 0:45
Brendan Gallagher 0 0 0 1 2 1 3 1 1 1 1/1 19:12 4:59 3:43
Darren Helm 0 0 0 1 0 1 2 0 0 0 1/3 19:59 4:59 4:42
Gabriel Vilardi 0 0 0 1 0 2 0 1 0 0 6/22 19:37 4:59 4:41
Janis Moser 0 2 2 2 2 2 1 2 1 1 0/0 21:12 5:11 3:50
Jansen Harkins 0 0 0 -1 0 2 2 1 1 0 0/0 9:22 0:01 0:00
Jujhar Khaira 0 0 0 -1 2 0 1 0 1 0 0/2 12:31 1:18 0:00
Justin Schultz 0 0 0 -1 0 1 3 1 2 1 0/0 24:12 4:56 5:10
Logan Brown 1 1 2 -1 0 3 1 0 1 0 6/12 11:43 0:00 1:02
Mark Pysyk 0 1 1 -1 0 1 3 3 0 1 0/0 23:31 4:44 4:57
Mathieu Olivier 1 0 1 -1 2 1 3 0 0 0 0/0 11:01 0:10 0:00
Olli Juolevi 0 0 0 -1 0 0 1 1 0 0 0/0 16:25 0:00 1:43
Riley Stillman 0 0 0 2 17 0 2 1 0 0 0/0 16:18 3:39 3:42
Shane Bowers 0 0 0 -1 0 2 1 0 1 1 2/3 10:46 0:52 0:00
Trey Fix-Wolansky 0 0 0 -1 2 4 0 0 0 0 0/0 9:08 0:00 0:00
Victor Rask 1 0 1 1 5 3 1 0 0 1 6/16 17:14 2:59 4:41
William Lagesson 0 0 0 -1 0 1 2 3 0 1 0/0 16:59 1:20 0:12
Zack Kassian 0 0 0 1 0 4 0 0 0 0 0/0 14:46 4:43 0:00
Players Stats for Philadelphia Phantoms
Player Name G A P +/- PIM S H SB GA TA FO MP PP MP PK MP
------------------------------------------------------------------------------------
Alex Steeves 1 0 1 1 0 2 2 0 0 0 3/4 15:00 0:00 5:00
Alexander Holtz 0 0 0 -1 0 1 1 0 1 0 0/0 14:50 4:49 0:00
Ben McCartney 0 0 0 0 0 0 1 1 0 0 0/0 10:18 0:00 0:00
Blake Lizotte 0 1 1 -1 0 2 1 1 1 0 7/11 14:07 4:55 0:13
Brad Hunt 0 0 0 0 5 1 0 3 0 1 0/0 16:05 3:31 0:36
Brett Murray 0 0 0 -1 2 1 3 0 0 0 0/0 9:58 0:00 0:00
Casey Fitzgerald 0 1 1 1 17 2 1 0 0 1 0/0 12:08 0:00 2:38
Derrick Pouliot 0 1 1 -2 0 0 3 4 1 3 0/0 26:55 5:28 4:29
Erik Gustafsson 0 0 0 -2 0 0 0 2 1 1 0/0 24:30 4:38 3:06
Jack McBain 1 0 1 1 0 7 2 0 1 0 12/17 16:21 0:03 4:20
Jaret Anderson-Dolan 0 0 0 -1 0 2 1 0 1 1 5/11 15:28 4:52 0:35
Juuso Valimaki 0 0 0 2 0 2 1 1 0 0 0/0 22:16 5:15 5:40
Mason Shaw 1 0 1 2 4 4 1 0 0 0 9/13 10:41 0:00 0:00
Nathan Bastian 0 1 1 -1 0 1 1 0 0 0 0/0 14:06 4:55 0:35
Nick Cousins 1 0 1 -1 0 3 1 0 1 1 1/2 13:44 4:55 0:00
Otto Koivula 0 1 1 1 0 3 2 1 0 0 0/1 15:00 0:00 5:00
Tyson Foerster 0 1 1 1 0 1 1 2 0 0 0/0 20:43 4:52 4:20
William Borgen 0 1 1 1 2 2 3 1 0 0 0/0 18:02 0:42 3:21
3 Stars
1 - Alex Steeves (PHI)
2 - Jack McBain (PHI)
3 - Logan Brown (TRM)
Power Play
Long Beach Ice Dogs - 0 on 5 Attempt(s) - 0.00%
Philadelphia Phantoms - 1 on 6 Attempt(s) - 16.67%
Penalty Kill
Long Beach Ice Dogs - 5 on 6 Attempt(s) - 83.33%
- Score 0 goal in Penalty Kill
Philadelphia Phantoms - 5 on 5 Attempt(s) - 100.00%
- Score 0 goal in Penalty Kill
Team Stat
Long Beach Ice Dogs - Hits : 28 - Faceoff Wins : 22 - Blocked Shots : 14 - Penalty Minutes : 32
Philadelphia Phantoms - Hits : 25 - Faceoff Wins : 37 - Blocked Shots : 16 - Penalty Minutes : 30
Official
Referees : Dean Morton and Brian Pochmara
Linesman : Greg Devorski and John Grandt
Game Notes
Casey Fitzgerald and Victor Rask fight to a draw at 2:41 of 1st period
Brad Hunt and Riley Stillman fight to a draw at 9:51 of 2nd period
Long Beach Ice Dogs
5 vs 5 Forward
Center Left Wing Right Wing Time % Phy DF OF
1 Gabriel Vilardi Darren Helm Brendan Gallagher 30 1 2 2
2 Victor Rask Alex Galchenyuk Zack Kassian 30 1 2 2
3 Logan Brown Jujhar Khaira Mathieu Olivier 25 1 2 2
4 Shane Bowers Jansen Harkins Trey Fix-Wolansky 15 1 2 2
5 vs 5 Defense
Defense Defense Time % Phy DF OF
1 Mark Pysyk Justin Schultz 35 1 2 2
2 Janis Moser Riley Stillman 35 1 2 2
3 William Lagesson Olli Juolevi 30 1 2 2
4 Mark Pysyk Justin Schultz 0 1 2 2
PowerPlay Forward
Center Left Wing Right Wing Time % Phy DF OF
1 Gabriel Vilardi Darren Helm Brendan Gallagher 50 1 2 2
2 Victor Rask Alex Galchenyuk Zack Kassian 50 1 2 2
PowerPlay Defense
Defense Defense Time % Phy DF OF
1 Mark Pysyk Justin Schultz 50 1 2 2
2 Janis Moser Riley Stillman 50 1 2 2
Penalty Kill 4 Players Forward
Center Wing Time % Phy DF OF
1 Gabriel Vilardi Brendan Gallagher 50 1 2 2
2 Darren Helm Victor Rask 50 1 2 2
Penalty Kill 4 Players Defense
Defense Defense Time % Phy DF OF
1 Mark Pysyk Justin Schultz 50 1 2 2
2 Janis Moser Riley Stillman 50 1 2 2
Penalty Kill - 3 Players Forward
Forward Time % Phy DF OF
1 Gabriel Vilardi 50 1 2 2
2 Brendan Gallagher 50 1 2 2
Penalty Kill - 3 Players Defense
Defense Defense Time % Phy DF OF
1 Mark Pysyk Justin Schultz 50 1 2 2
2 Janis Moser Riley Stillman 50 1 2 2
4 vs 4 Forward
Center Wing Time % Phy DF OF
1 Gabriel Vilardi Brendan Gallagher 50 1 2 2
2 Darren Helm Victor Rask 50 1 2 2
4 vs 4 Defense
Defense Defense Time % Phy DF OF
1 Mark Pysyk Justin Schultz 50 1 2 2
2 Janis Moser Riley Stillman 50 1 2 2
Last Minutes Offensive
Center Left Wing Right Wing Defense Defense
Gabriel Vilardi Darren Helm Brendan Gallagher Mark Pysyk Justin Schultz
Last Minutes Defensive
Center Left Wing Right Wing Defense Defense
Gabriel Vilardi Darren Helm Brendan Gallagher Mark Pysyk Justin Schultz
Goaltenders
Starting : Spencer Martin
Backup : Lukas Dostal
Extra Forwards
Normal : Shane Bowers, Jujhar Khaira, Logan Brown - PP : Shane Bowers, Jujhar Khaira - PK : Logan Brown
Extra Defensemen
Normal : William Lagesson, Olli Juolevi, Janis Moser - PP : William Lagesson - PK : Olli Juolevi, Janis Moser
Penalty Shots
Gabriel Vilardi, Brendan Gallagher, Darren Helm, Victor Rask, Alex Galchenyuk
Philadelphia Phantoms
5 vs 5 Forward
Center Left Wing Right Wing Time % Phy DF OF
1 Blake Lizotte Nick Cousins Nathan Bastian 25 0 3 2
2 Jaret Anderson-Dolan Brett Murray Alexander Holtz 25 0 3 2
3 Jack McBain Ben McCartney Tyson Foerster 25 0 3 2
4 Mason Shaw Otto Koivula Alex Steeves 25 0 3 2
5 vs 5 Defense
Defense Defense Time % Phy DF OF
1 Erik Gustafsson Derrick Pouliot 35 0 3 2
2 Brad Hunt William Borgen 35 0 3 2
3 Juuso Valimaki Casey Fitzgerald 30 0 3 2
4 Erik Gustafsson Derrick Pouliot 0 0 3 2
PowerPlay Forward
Center Left Wing Right Wing Time % Phy DF OF
1 Blake Lizotte Nick Cousins Nathan Bastian 50 0 1 4
2 Jaret Anderson-Dolan Tyson Foerster Alexander Holtz 50 0 1 4
PowerPlay Defense
Defense Defense Time % Phy DF OF
1 Erik Gustafsson Brad Hunt 50 0 1 4
2 Derrick Pouliot Juuso Valimaki 50 0 1 4
Penalty Kill 4 Players Forward
Center Wing Time % Phy DF OF
1 Jack McBain Tyson Foerster 50 0 4 1
2 Alex Steeves Otto Koivula 50 0 4 1
Penalty Kill 4 Players Defense
Defense Defense Time % Phy DF OF
1 Derrick Pouliot William Borgen 50 0 4 1
2 Juuso Valimaki Casey Fitzgerald 50 0 4 1
Penalty Kill - 3 Players Forward
Forward Time % Phy DF OF
1 Jack McBain 50 0 5 0
2 Tyson Foerster 50 0 5 0
Penalty Kill - 3 Players Defense
Defense Defense Time % Phy DF OF
1 Derrick Pouliot William Borgen 55 0 5 0
2 Juuso Valimaki Casey Fitzgerald 45 0 5 0
4 vs 4 Forward
Center Wing Time % Phy DF OF
1 Blake Lizotte Nick Cousins 50 0 3 2
2 Jaret Anderson-Dolan Nathan Bastian 50 0 3 2
4 vs 4 Defense
Defense Defense Time % Phy DF OF
1 Erik Gustafsson Derrick Pouliot 50 0 3 2
2 Brad Hunt William Borgen 50 0 3 2
Last Minutes Offensive
Center Left Wing Right Wing Defense Defense
Blake Lizotte Nick Cousins Nathan Bastian Erik Gustafsson Brad Hunt
Last Minutes Defensive
Center Left Wing Right Wing Defense Defense
Jack McBain Blake Lizotte Nathan Bastian Derrick Pouliot William Borgen
Goaltenders
Starting : Dereck Baribeau
Backup : Connor Ingram
Extra Forwards
Normal : Nick Cousins, Nathan Bastian, Jaret Anderson-Dolan - PP : Jack McBain, Nick Cousins - PK : Nathan Bastian
Extra Defensemen
Normal : Derrick Pouliot, Erik Gustafsson, William Borgen - PP : Derrick Pouliot - PK : Juuso Valimaki, Derrick Pouliot
Penalty Shots
Nick Cousins, Blake Lizotte, Jaret Anderson-Dolan, Jack McBain, Nathan Bastian
% Time on Ice - Long Beach Ice Dogs
Lines # - Real PCT - Wanted PCT - Time Play
Normal Forward
1 - 25% - 30% - 10:14
2 - 26% - 30% - 10:32
3 - 26% - 25% - 10:23
4 - 23% - 15% - 9:09
Normal Defense
1 - 30% - 35% - 12:09
2 - 38% - 35% - 15:16
3 - 32% - 30% - 12:53
4 - 0% - 0% - 0:00
PP Forward
1 - 50% - 50% - 4:56
2 - 50% - 50% - 4:59
PP Defense
1 - 43% - 50% - 4:15
2 - 57% - 50% - 5:40
PK Forward
1 - 50% - 50% - 4:54
2 - 50% - 50% - 4:53
PK Defense
1 - 51% - 50% - 4:57
2 - 49% - 50% - 4:50
PK3 Forward
1 - 0% - 50%
2 - 0% - 50%
PK3 Defense
1 - 0% - 50%
2 - 0% - 50%
44 Forward
1 - 0% - 50%
2 - 0% - 50%
44 Defense
1 - 0% - 50%
2 - 0% - 50%
Last Minute Offensive - 0:00
Last Minute Defensive - 0:00
Total
Forward - 60:00
Defense - 60:00
|
% Time on Ice - Philadelphia Phantoms
Lines # - Real PCT - Wanted PCT - Time Play
Normal Forward
1 - 25% - 25% - 9:59
2 - 25% - 25% - 10:01
3 - 26% - 25% - 10:18
4 - 25% - 25% - 10:00
Normal Defense
1 - 34% - 35% - 13:37
2 - 40% - 35% - 16:09
3 - 26% - 30% - 10:32
4 - 0% - 0% - 0:00
PP Forward
1 - 50% - 50% - 4:55
2 - 50% - 50% - 4:52
PP Defense
1 - 55% - 50% - 5:20
2 - 45% - 50% - 4:27
PK Forward
1 - 50% - 50% - 4:55
2 - 50% - 50% - 5:00
PK Defense
1 - 47% - 50% - 4:41
2 - 53% - 50% - 5:14
PK3 Forward
1 - 0% - 50%
2 - 0% - 50%
PK3 Defense
1 - 0% - 55%
2 - 0% - 45%
44 Forward
1 - 0% - 50%
2 - 0% - 50%
44 Defense
1 - 0% - 50%
2 - 0% - 50%
Last Minute Offensive - 0:00
Last Minute Defensive - 0:00
Total
Forward - 60:00
Defense - 60:00
|
Play-by-Play
1st period
0:01 of 1st period - Gabriel Vilardi wins face-off versus Nick Cousins in neutral zone.
0:06 of 1st period - Blake Lizotte is hit by Darren Helm and loses puck.
0:25 of 1st period - Alex Galchenyuk is hit by Jaret Anderson-Dolan and loses puck.
0:32 of 1st period - Snap shot by Jaret Anderson-Dolan.
0:32 of 1st period - Deflect By Alexander Holtz.
0:32 of 1st period - Shot Misses the Net.
0:32 of 1st period - Puck is out of play.
0:33 of 1st period - Jack McBain wins face-off versus Logan Brown in Long Beach Ice Dogs zone.
1:04 of 1st period - Wrist shot by Alex Steeves.
1:04 of 1st period - Stopped by Spencer Martin with a rebound.
1:38 of 1st period - Juuso Valimaki is hit by Darren Helm and loses puck.
2:04 of 1st period - Jujhar Khaira is hit by Jack McBain.
2:22 of 1st period - Snap shot by Logan Brown.
2:22 of 1st period - Stopped by Dereck Baribeau with a rebound.
2:24 of 1st period - Snap shot by Jansen Harkins.
2:24 of 1st period - Stopped by Dereck Baribeau without a rebound.
2:25 of 1st period - Jaret Anderson-Dolan wins face-off versus Victor Rask in Philadelphia Phantoms zone.
2:38 of 1st period - Snap shot by Victor Rask.
2:38 of 1st period - Stopped by Dereck Baribeau with a rebound.
2:41 of 1st period - Casey Fitzgerald and Victor Rask fight to a draw.
2:41 of 1st period - Penalty to Casey Fitzgerald for Fighting.
2:41 of 1st period - Penalty to Victor Rask for Fighting.
2:41 of 1st period - Penalty to Casey Fitzgerald for instigated a fight.
2:41 of 1st period - Penalty to Casey Fitzgerald for instigated a fight.
2:42 of 1st period - Jack McBain wins face-off versus Gabriel Vilardi in Philadelphia Phantoms zone.
2:53 of 1st period - Snap shot by Gabriel Vilardi.
2:53 of 1st period - Stopped by Dereck Baribeau without a rebound.
2:54 of 1st period - Alex Steeves wins face-off versus Shane Bowers in Philadelphia Phantoms zone.
4:23 of 1st period - Darren Helm is hit by Alex Steeves and loses puck.
4:41 of 1st period - Penalty to Casey Fitzgerald is over, Nathan Bastian is send on ice.
4:47 of 1st period - Icing by Blake Lizotte.
4:48 of 1st period - Blake Lizotte wins face-off versus Jujhar Khaira in Philadelphia Phantoms zone.
4:59 of 1st period - Slapshot by Nathan Bastian.
4:59 of 1st period - Shot Misses the Net.
5:01 of 1st period - Slapshot by Brad Hunt.
5:01 of 1st period - Shot Blocked by Olli Juolevi.
5:17 of 1st period - Wrist shot by Trey Fix-Wolansky.
5:17 of 1st period - Stopped by Dereck Baribeau without a rebound.
5:18 of 1st period - Shane Bowers wins face-off versus Jaret Anderson-Dolan in Philadelphia Phantoms zone.
5:21 of 1st period - Wrist shot by Trey Fix-Wolansky.
5:21 of 1st period - Stopped by Dereck Baribeau with a rebound.
6:10 of 1st period - Wrist shot by Jaret Anderson-Dolan.
6:10 of 1st period - Shot Misses the Net.
6:30 of 1st period - Justin Schultz is hit by Alexander Holtz and loses puck.
6:45 of 1st period - Snap shot by Justin Schultz.
6:45 of 1st period - Stopped by Dereck Baribeau with a rebound.
6:49 of 1st period - Snap shot by Trey Fix-Wolansky.
6:49 of 1st period - Stopped by Dereck Baribeau with a rebound.
6:51 of 1st period - Wrist shot by Mark Pysyk.
6:51 of 1st period - Stopped by Dereck Baribeau without a rebound.
6:52 of 1st period - Gabriel Vilardi wins face-off versus Mason Shaw in Philadelphia Phantoms zone.
7:06 of 1st period - Minor Penalty to Mason Shaw for Tripping.
7:07 of 1st period - Gabriel Vilardi wins face-off versus Alex Steeves in Philadelphia Phantoms zone.
7:35 of 1st period - Wrist shot by Zack Kassian.
7:35 of 1st period - Stopped by Dereck Baribeau without a rebound.
7:36 of 1st period - Jack McBain wins face-off versus Jujhar Khaira in Philadelphia Phantoms zone.
7:41 of 1st period - Penalty to Casey Fitzgerald is over, Nathan Bastian is send on ice.
7:48 of 1st period - Slapshot by Justin Schultz.
7:48 of 1st period - Shot Blocked by Derrick Pouliot.
9:06 of 1st period - Penalty to Mason Shaw is over, Mason Shaw is back on ice.
9:12 of 1st period - Snap shot by Shane Bowers.
9:12 of 1st period - Shot Blocked by Tyson Foerster.
9:20 of 1st period - Jansen Harkins is hit by William Borgen and loses puck.
9:29 of 1st period - Wrist shot by Jack McBain.
9:29 of 1st period - Shot Misses the Net.
9:31 of 1st period - Wrist shot by Tyson Foerster.
9:31 of 1st period - Stopped by Spencer Martin with a rebound.
9:33 of 1st period - Snap shot by Jack McBain.
9:33 of 1st period - Goal by Jack McBain - Long Beach Ice Dogs : 0 - Philadelphia Phantoms : 1.
9:34 of 1st period - Mason Shaw wins face-off versus Gabriel Vilardi in neutral zone.
9:38 of 1st period - Minor Penalty to Brendan Gallagher for Hooking.
9:39 of 1st period - Blake Lizotte wins face-off versus Gabriel Vilardi in Long Beach Ice Dogs zone.
9:53 of 1st period - Slapshot by Nathan Bastian.
9:53 of 1st period - Shot Misses the Net.
9:55 of 1st period - Slapshot by Brad Hunt.
9:55 of 1st period - Shot Blocked by Mark Pysyk.
11:38 of 1st period - Penalty to Brendan Gallagher is over, Brendan Gallagher is back on ice.
11:54 of 1st period - Off-side.
11:55 of 1st period - Logan Brown wins face-off versus Mason Shaw in neutral zone.
12:02 of 1st period - Snap shot by Logan Brown.
12:02 of 1st period - Stopped by Dereck Baribeau without a rebound.
12:03 of 1st period - Mason Shaw wins face-off versus Logan Brown in Philadelphia Phantoms zone.
12:12 of 1st period - Snap shot by Alex Steeves.
12:12 of 1st period - Goal by Alex Steeves - Long Beach Ice Dogs : 0 - Philadelphia Phantoms : 2.
12:13 of 1st period - Jack McBain wins face-off versus Victor Rask in neutral zone.
12:20 of 1st period - Wrist shot by Jack McBain.
12:20 of 1st period - Shot Misses the Net.
12:24 of 1st period - Snap shot by Jack McBain.
12:24 of 1st period - Stopped by Spencer Martin without a rebound.
12:25 of 1st period - Jack McBain wins face-off versus Gabriel Vilardi in Long Beach Ice Dogs zone.
12:29 of 1st period - Minor Penalty to Janis Moser for Hooking.
12:30 of 1st period - Darren Helm wins face-off versus Jaret Anderson-Dolan in Long Beach Ice Dogs zone.
13:25 of 1st period - Tyson Foerster is hit by Riley Stillman and loses puck.
14:20 of 1st period - Snap shot by Alex Galchenyuk.
14:20 of 1st period - Stopped by Dereck Baribeau without a rebound.
14:21 of 1st period - Blake Lizotte wins face-off versus Gabriel Vilardi in Philadelphia Phantoms zone.
14:29 of 1st period - Penalty to Janis Moser is over, Janis Moser is back on ice.
14:34 of 1st period - Janis Moser is hit by Juuso Valimaki and loses puck.
15:05 of 1st period - Justin Schultz is hit by Brett Murray and loses puck.
15:12 of 1st period - Snap shot by Jaret Anderson-Dolan.
15:12 of 1st period - Stopped by Spencer Martin with a rebound.
15:14 of 1st period - Wrist shot by Brad Hunt.
15:14 of 1st period - Shot Misses the Net.
15:29 of 1st period - Janis Moser is hit by Ben McCartney.
15:35 of 1st period - Wrist shot by Jack McBain.
15:35 of 1st period - Stopped by Spencer Martin with a rebound.
15:53 of 1st period - Riley Stillman is hit by Mason Shaw and loses puck.
16:17 of 1st period - Wrist shot by Logan Brown.
16:17 of 1st period - Goal by Logan Brown - Long Beach Ice Dogs : 1 - Philadelphia Phantoms : 2.
16:18 of 1st period - Jack McBain wins face-off versus Victor Rask in neutral zone.
16:23 of 1st period - Snap shot by Jack McBain.
16:23 of 1st period - Shot Blocked by William Lagesson.
16:29 of 1st period - Slapshot by Tyson Foerster.
16:29 of 1st period - Shot Misses the Net.
16:43 of 1st period - Brad Hunt is hit by Brendan Gallagher.
17:25 of 1st period - Snap shot by Jack McBain.
17:25 of 1st period - Stopped by Spencer Martin with a rebound.
17:41 of 1st period - 10 Minutes Misconduct Penalty to Casey Fitzgerald is over.
17:49 of 1st period - Snap shot by Victor Rask.
17:49 of 1st period - Shot Misses the Net.
18:05 of 1st period - Alex Galchenyuk is hit by Alex Steeves and loses puck.
18:10 of 1st period - Slapshot by Otto Koivula.
18:10 of 1st period - Shot Misses the Net.
18:12 of 1st period - Slapshot by William Borgen.
18:12 of 1st period - Stopped by Spencer Martin with a rebound.
18:26 of 1st period - Slapshot by Gabriel Vilardi.
18:26 of 1st period - Shot Misses the Net.
18:32 of 1st period - Brendan Gallagher is hit by Nathan Bastian and loses puck.
19:57 of 1st period - Off-side.
19:58 of 1st period - Victor Rask wins face-off versus Jack McBain in neutral zone.
Goals for this period are 1 for Long Beach Ice Dogs vs 2 for Philadelphia Phantoms.
Shots for this period are 13 for Long Beach Ice Dogs vs 9 for Philadelphia Phantoms.
2nd period
0:01 of 2nd period - Victor Rask wins face-off versus Jack McBain in neutral zone.
0:04 of 2nd period - Snap shot by Zack Kassian.
0:04 of 2nd period - Stopped by Dereck Baribeau with a rebound.
0:06 of 2nd period - Wrist shot by Zack Kassian.
0:06 of 2nd period - Stopped by Dereck Baribeau with a rebound.
0:08 of 2nd period - Wrist shot by Victor Rask.
0:08 of 2nd period - Shot Blocked by Erik Gustafsson.
0:10 of 2nd period - Wrist shot by Zack Kassian.
0:10 of 2nd period - Shot Misses the Net.
0:12 of 2nd period - Slapshot by Janis Moser.
0:12 of 2nd period - Shot Blocked by Derrick Pouliot.
0:14 of 2nd period - Wrist shot by Zack Kassian.
0:14 of 2nd period - Stopped by Dereck Baribeau without a rebound.
0:15 of 2nd period - Gabriel Vilardi wins face-off versus Blake Lizotte in Philadelphia Phantoms zone.
0:40 of 2nd period - Ben McCartney is hit by Alex Galchenyuk and loses puck.
1:00 of 2nd period - Icing by Alex Galchenyuk.
1:01 of 2nd period - Logan Brown wins face-off versus Mason Shaw in Long Beach Ice Dogs zone.
1:06 of 2nd period - Wrist shot by Mason Shaw.
1:06 of 2nd period - Stopped by Spencer Martin with a rebound.
1:08 of 2nd period - Snap shot by William Borgen.
1:08 of 2nd period - Deflect By Otto Koivula.
1:08 of 2nd period - Stopped by Spencer Martin with a rebound.
1:10 of 2nd period - Snap shot by Alex Steeves.
1:10 of 2nd period - Shot Misses the Net.
1:32 of 2nd period - Wrist shot by Jack McBain.
1:32 of 2nd period - Stopped by Spencer Martin without a rebound.
1:33 of 2nd period - Jack McBain wins face-off versus Gabriel Vilardi in Long Beach Ice Dogs zone.
1:54 of 2nd period - Derrick Pouliot is hit by Brendan Gallagher and loses puck.
2:01 of 2nd period - Gabriel Vilardi is hit by Jack McBain and loses puck.
2:27 of 2nd period - Slapshot by Gabriel Vilardi.
2:27 of 2nd period - Deflect By Brendan Gallagher.
2:27 of 2nd period - Shot Misses the Net.
2:27 of 2nd period - Puck is out of play.
2:28 of 2nd period - Victor Rask wins face-off versus Blake Lizotte in Philadelphia Phantoms zone.
3:01 of 2nd period - Backhand shot by Mason Shaw.
3:01 of 2nd period - Goal by Mason Shaw - Long Beach Ice Dogs : 1 - Philadelphia Phantoms : 3.
3:02 of 2nd period - Alex Steeves wins face-off versus Victor Rask in neutral zone.
3:13 of 2nd period - Slapshot by Zack Kassian.
3:13 of 2nd period - Shot Blocked by Otto Koivula.
3:15 of 2nd period - Backhand shot by Riley Stillman.
3:15 of 2nd period - Deflect By Alex Galchenyuk.
3:15 of 2nd period - Stopped by Dereck Baribeau without a rebound.
3:16 of 2nd period - Blake Lizotte wins face-off versus Gabriel Vilardi in Philadelphia Phantoms zone.
3:16 of 2nd period - Blake Lizotte is hit by Brendan Gallagher.
3:42 of 2nd period - Riley Stillman is hit by William Borgen and loses puck.
3:55 of 2nd period - Wrist shot by Jaret Anderson-Dolan.
3:55 of 2nd period - Shot Misses the Net.
4:25 of 2nd period - Snap shot by Alex Galchenyuk.
4:25 of 2nd period - Shot Misses the Net.
4:27 of 2nd period - Wrist shot by Logan Brown.
4:27 of 2nd period - Shot Blocked by Derrick Pouliot.
5:31 of 2nd period - Snap shot by Juuso Valimaki.
5:31 of 2nd period - Shot Misses the Net.
5:47 of 2nd period - Wrist shot by Brendan Gallagher.
5:47 of 2nd period - Shot Blocked by Juuso Valimaki.
6:04 of 2nd period - William Borgen is hit by Victor Rask and loses puck.
6:18 of 2nd period - Minor Penalty to Trey Fix-Wolansky for Hooking.
6:19 of 2nd period - Blake Lizotte wins face-off versus Darren Helm in Long Beach Ice Dogs zone.
6:21 of 2nd period - Wrist shot by Nick Cousins.
6:21 of 2nd period - Shot Misses the Net.
6:23 of 2nd period - Snap shot by Nathan Bastian.
6:23 of 2nd period - Shot Misses the Net.
6:25 of 2nd period - Wrist shot by Blake Lizotte.
6:25 of 2nd period - Deflect By Nick Cousins.
6:25 of 2nd period - Goal by Nick Cousins - Long Beach Ice Dogs : 1 - Philadelphia Phantoms : 4.
6:26 of 2nd period - Blake Lizotte wins face-off versus Victor Rask in neutral zone.
6:35 of 2nd period - Wrist shot by Zack Kassian.
6:35 of 2nd period - Deflect By Victor Rask.
6:35 of 2nd period - Shot Blocked by Blake Lizotte.
6:35 of 2nd period - Puck is out of play.
6:36 of 2nd period - Victor Rask wins face-off versus Blake Lizotte in Philadelphia Phantoms zone.
6:53 of 2nd period - Backhand shot by Janis Moser.
6:53 of 2nd period - Stopped by Dereck Baribeau with a rebound.
7:05 of 2nd period - Slapshot by Nick Cousins.
7:05 of 2nd period - Stopped by Spencer Martin with a rebound.
7:07 of 2nd period - Snap shot by Blake Lizotte.
7:07 of 2nd period - Shot Misses the Net.
7:09 of 2nd period - Slapshot by Nick Cousins.
7:09 of 2nd period - Shot Misses the Net.
7:11 of 2nd period - Slapshot by Casey Fitzgerald.
7:11 of 2nd period - Stopped by Spencer Martin with a rebound.
7:13 of 2nd period - Slapshot by Casey Fitzgerald.
7:13 of 2nd period - Shot Blocked by Riley Stillman.
7:15 of 2nd period - Slapshot by Blake Lizotte.
7:15 of 2nd period - Stopped by Spencer Martin without a rebound.
7:16 of 2nd period - Mason Shaw wins face-off versus Gabriel Vilardi in Long Beach Ice Dogs zone.
7:17 of 2nd period - Snap shot by Otto Koivula.
7:17 of 2nd period - Stopped by Spencer Martin without a rebound.
7:18 of 2nd period - Mason Shaw wins face-off versus Gabriel Vilardi in Long Beach Ice Dogs zone.
8:14 of 2nd period - Wrist shot by Blake Lizotte.
8:14 of 2nd period - Shot Misses the Net.
8:57 of 2nd period - Wrist shot by William Borgen.
8:57 of 2nd period - Deflect By Mason Shaw.
8:57 of 2nd period - Stopped by Spencer Martin without a rebound.
8:58 of 2nd period - Logan Brown wins face-off versus Otto Koivula in Long Beach Ice Dogs zone.
9:11 of 2nd period - Snap shot by Logan Brown.
9:11 of 2nd period - Shot Misses the Net.
9:13 of 2nd period - Snap shot by Mathieu Olivier.
9:13 of 2nd period - Goal by Mathieu Olivier - Long Beach Ice Dogs : 2 - Philadelphia Phantoms : 4.
9:14 of 2nd period - Jaret Anderson-Dolan wins face-off versus Victor Rask in neutral zone.
9:27 of 2nd period - Jaret Anderson-Dolan is hit by Justin Schultz and loses puck.
9:42 of 2nd period - Wrist shot by Juuso Valimaki.
9:42 of 2nd period - Stopped by Spencer Martin without a rebound.
9:43 of 2nd period - Logan Brown wins face-off versus Mason Shaw in Long Beach Ice Dogs zone.
9:51 of 2nd period - Brad Hunt and Riley Stillman fight to a draw.
9:51 of 2nd period - Penalty to Brad Hunt for Fighting.
9:51 of 2nd period - Penalty to Riley Stillman for Fighting.
9:51 of 2nd period - Penalty to Riley Stillman for instigated a fight.
9:51 of 2nd period - Penalty to Riley Stillman for instigated a fight.
9:52 of 2nd period - Jaret Anderson-Dolan wins face-off versus Darren Helm in Philadelphia Phantoms zone.
11:51 of 2nd period - Penalty to Riley Stillman is over, Logan Brown is send on ice.
12:05 of 2nd period - Justin Schultz is hit by Derrick Pouliot and loses puck.
12:20 of 2nd period - Ben McCartney is hit by Mathieu Olivier and loses puck.
12:43 of 2nd period - Alex Steeves is hit by William Lagesson and loses puck.
13:06 of 2nd period - William Lagesson is hit by Brett Murray and loses puck.
13:50 of 2nd period - Derrick Pouliot is hit by Justin Schultz and loses puck.
14:09 of 2nd period - Victor Rask is hit by William Borgen and loses puck.
14:31 of 2nd period - Erik Gustafsson is hit by Shane Bowers and loses puck.
14:46 of 2nd period - Mason Shaw is hit by William Lagesson and loses puck.
14:59 of 2nd period - Casey Fitzgerald is hit by Logan Brown and loses puck.
15:24 of 2nd period - Mark Pysyk is hit by Nick Cousins and loses puck.
15:37 of 2nd period - Brad Hunt is hit by Janis Moser and loses puck.
15:48 of 2nd period - Jansen Harkins is hit by Brett Murray.
16:05 of 2nd period - Brad Hunt is hit by Jujhar Khaira and loses puck.
17:07 of 2nd period - Slapshot by Juuso Valimaki.
17:07 of 2nd period - Deflect By Zack Kassian.
17:07 of 2nd period - Stopped by Spencer Martin without a rebound.
17:08 of 2nd period - Victor Rask wins face-off versus Jaret Anderson-Dolan in Long Beach Ice Dogs zone.
17:17 of 2nd period - Wrist shot by Alexander Holtz.
17:17 of 2nd period - Shot Blocked by Janis Moser.
17:19 of 2nd period - Wrist shot by Jaret Anderson-Dolan.
17:19 of 2nd period - Deflect By Alexander Holtz.
17:19 of 2nd period - Shot Misses the Net.
17:19 of 2nd period - Puck is out of play.
17:20 of 2nd period - Logan Brown wins face-off versus Blake Lizotte in Long Beach Ice Dogs zone.
17:20 of 2nd period - Logan Brown is hit by Derrick Pouliot.
17:46 of 2nd period - Ben McCartney is hit by Jansen Harkins and loses puck.
18:07 of 2nd period - Wrist shot by Darren Helm.
18:07 of 2nd period - Stopped by Dereck Baribeau with a rebound.
19:05 of 2nd period - Wrist shot by Trey Fix-Wolansky.
19:05 of 2nd period - Shot Blocked by Derrick Pouliot.
19:07 of 2nd period - Wrist shot by Jansen Harkins.
19:07 of 2nd period - Stopped by Dereck Baribeau with a rebound.
19:23 of 2nd period - Snap shot by Nathan Bastian.
19:23 of 2nd period - Shot Blocked by William Lagesson.
19:25 of 2nd period - Slapshot by Erik Gustafsson.
19:25 of 2nd period - Shot Blocked by Janis Moser.
19:27 of 2nd period - Snap shot by Nick Cousins.
19:27 of 2nd period - Stopped by Spencer Martin with a rebound.
19:29 of 2nd period - Wrist shot by Blake Lizotte.
19:29 of 2nd period - Shot Misses the Net.
19:31 of 2nd period - Slapshot by Nathan Bastian.
19:31 of 2nd period - Shot Blocked by Jansen Harkins.
19:33 of 2nd period - Wrist shot by Nathan Bastian.
19:33 of 2nd period - Stopped by Spencer Martin without a rebound.
19:34 of 2nd period - Jack McBain wins face-off versus Gabriel Vilardi in Long Beach Ice Dogs zone.
19:59 of 2nd period - Olli Juolevi is hit by Otto Koivula and loses puck.
Goals for this period are 1 for Long Beach Ice Dogs vs 2 for Philadelphia Phantoms.
Shots for this period are 8 for Long Beach Ice Dogs vs 14 for Philadelphia Phantoms.
3rd period
0:01 of 3rd period - Victor Rask wins face-off versus Jaret Anderson-Dolan in neutral zone.
0:08 of 3rd period - Snap shot by Alex Galchenyuk.
0:08 of 3rd period - Shot Misses the Net.
0:10 of 3rd period - Snap shot by Victor Rask.
0:10 of 3rd period - Goal by Victor Rask - Long Beach Ice Dogs : 3 - Philadelphia Phantoms : 4.
0:11 of 3rd period - Jaret Anderson-Dolan wins face-off versus Victor Rask in neutral zone.
0:24 of 3rd period - Slapshot by Alexander Holtz.
0:24 of 3rd period - Deflect By Brett Murray.
0:24 of 3rd period - Stopped by Spencer Martin with a rebound.
0:26 of 3rd period - Slapshot by Alexander Holtz.
0:26 of 3rd period - Shot Misses the Net.
0:43 of 3rd period - Snap shot by Gabriel Vilardi.
0:43 of 3rd period - Shot Misses the Net.
0:45 of 3rd period - Wrist shot by Brendan Gallagher.
0:45 of 3rd period - Shot Misses the Net.
0:47 of 3rd period - Slapshot by Justin Schultz.
0:47 of 3rd period - Shot Misses the Net.
0:57 of 3rd period - Wrist shot by Ben McCartney.
0:57 of 3rd period - Shot Misses the Net.
0:59 of 3rd period - Wrist shot by Mason Shaw.
0:59 of 3rd period - Shot Misses the Net.
1:01 of 3rd period - Snap shot by Otto Koivula.
1:01 of 3rd period - Shot Blocked by William Lagesson.
1:03 of 3rd period - Snap shot by Otto Koivula.
1:03 of 3rd period - Stopped by Spencer Martin with a rebound.
1:05 of 3rd period - Slapshot by William Borgen.
1:05 of 3rd period - Deflect By Logan Brown.
1:05 of 3rd period - Stopped by Spencer Martin with a rebound.
1:07 of 3rd period - Snap shot by Otto Koivula.
1:07 of 3rd period - Shot Misses the Net.
1:09 of 3rd period - Wrist shot by Mason Shaw.
1:09 of 3rd period - Shot Misses the Net.
1:24 of 3rd period - Minor Penalty to William Borgen for Hooking.
1:25 of 3rd period - Brendan Gallagher wins face-off versus Jack McBain in Philadelphia Phantoms zone.
1:30 of 3rd period - Snap shot by Brendan Gallagher.
1:30 of 3rd period - Stopped by Dereck Baribeau with a rebound.
1:57 of 3rd period - Alex Galchenyuk is hit by Tyson Foerster and loses puck.
2:08 of 3rd period - Justin Schultz is hit by Otto Koivula and loses puck.
3:22 of 3rd period - Erik Gustafsson is hit by Mathieu Olivier and loses puck.
3:24 of 3rd period - Penalty to William Borgen is over, William Borgen is back on ice.
3:31 of 3rd period - Wrist shot by Jujhar Khaira.
3:31 of 3rd period - Shot Misses the Net.
3:45 of 3rd period - Jack McBain is hit by Olli Juolevi and loses puck.
4:06 of 3rd period - Wrist shot by Derrick Pouliot.
4:06 of 3rd period - Shot Misses the Net.
4:18 of 3rd period - Minor Penalty to Brett Murray for Roughing.
4:19 of 3rd period - Alex Steeves wins face-off versus Gabriel Vilardi in Philadelphia Phantoms zone.
4:24 of 3rd period - Snap shot by Otto Koivula.
4:24 of 3rd period - Shot Misses the Net.
4:51 of 3rd period - 10 Minutes Misconduct Penalty to Riley Stillman is over.
6:18 of 3rd period - Penalty to Brett Murray is over, Brett Murray is back on ice.
6:25 of 3rd period - Erik Gustafsson is hit by Mark Pysyk and loses puck.
6:49 of 3rd period - Off-side.
6:50 of 3rd period - Mason Shaw wins face-off versus Logan Brown in neutral zone.
6:54 of 3rd period - Minor Penalty to Mathieu Olivier for Tripping.
6:55 of 3rd period - Jaret Anderson-Dolan wins face-off versus Gabriel Vilardi in Long Beach Ice Dogs zone.
6:56 of 3rd period - Wrist shot by Alexander Holtz.
6:56 of 3rd period - Stopped by Spencer Martin without a rebound.
6:57 of 3rd period - Gabriel Vilardi wins face-off versus Jaret Anderson-Dolan in Long Beach Ice Dogs zone.
7:16 of 3rd period - Wrist shot by Brendan Gallagher.
7:16 of 3rd period - Shot Misses the Net.
7:42 of 3rd period - Riley Stillman is hit by Derrick Pouliot and loses puck.
8:54 of 3rd period - Penalty to Mathieu Olivier is over, Mathieu Olivier is back on ice.
9:21 of 3rd period - Juuso Valimaki is hit by Jansen Harkins and loses puck.
9:27 of 3rd period - Minor Penalty to Mason Shaw for Hooking.
9:28 of 3rd period - Jack McBain wins face-off versus Victor Rask in Philadelphia Phantoms zone.
9:38 of 3rd period - Erik Gustafsson is hit by Mark Pysyk and loses puck.
9:43 of 3rd period - Snap shot by Victor Rask.
9:43 of 3rd period - Shot Misses the Net.
10:01 of 3rd period - Wrist shot by Gabriel Vilardi.
10:01 of 3rd period - Shot Misses the Net.
10:46 of 3rd period - Icing by Riley Stillman.
10:47 of 3rd period - Jack McBain wins face-off versus Gabriel Vilardi in Long Beach Ice Dogs zone.
11:00 of 3rd period - Alex Steeves is hit by Riley Stillman and loses puck.
11:27 of 3rd period - Penalty to Mason Shaw is over, Mason Shaw is back on ice.
11:27 of 3rd period - Snap shot by Jack McBain.
11:27 of 3rd period - Stopped by Spencer Martin with a rebound.
11:29 of 3rd period - Snap shot by Casey Fitzgerald.
11:29 of 3rd period - Deflect By Jack McBain.
11:29 of 3rd period - Stopped by Spencer Martin with a rebound.
11:31 of 3rd period - Wrist shot by Tyson Foerster.
11:31 of 3rd period - Shot Blocked by Justin Schultz.
11:33 of 3rd period - Snap shot by Jack McBain.
11:33 of 3rd period - Shot Misses the Net.
11:35 of 3rd period - Backhand shot by Jack McBain.
11:35 of 3rd period - Shot Misses the Net.
11:37 of 3rd period - Wrist shot by Mason Shaw.
11:37 of 3rd period - Shot Misses the Net.
11:39 of 3rd period - Slapshot by Mason Shaw.
11:39 of 3rd period - Shot Blocked by Brendan Gallagher.
11:41 of 3rd period - Snap shot by Mason Shaw.
11:41 of 3rd period - Stopped by Spencer Martin without a rebound.
11:42 of 3rd period - Logan Brown wins face-off versus Jaret Anderson-Dolan in Long Beach Ice Dogs zone.
12:52 of 3rd period - Icing by William Borgen.
12:53 of 3rd period - Jack McBain wins face-off versus Logan Brown in Philadelphia Phantoms zone.
13:16 of 3rd period - Icing by Mathieu Olivier.
13:17 of 3rd period - Mason Shaw wins face-off versus Logan Brown in Long Beach Ice Dogs zone.
13:24 of 3rd period - Slapshot by Janis Moser.
13:24 of 3rd period - Shot Blocked by Erik Gustafsson.
13:26 of 3rd period - Backhand shot by Janis Moser.
13:26 of 3rd period - Stopped by Dereck Baribeau without a rebound.
13:27 of 3rd period - Mason Shaw wins face-off versus Gabriel Vilardi in Philadelphia Phantoms zone.
13:49 of 3rd period - Icing by Mason Shaw.
13:50 of 3rd period - Mason Shaw wins face-off versus Victor Rask in Philadelphia Phantoms zone.
13:50 of 3rd period - Mason Shaw is hit by Alex Galchenyuk.
13:56 of 3rd period - Snap shot by Victor Rask.
13:56 of 3rd period - Stopped by Dereck Baribeau without a rebound.
13:57 of 3rd period - Gabriel Vilardi wins face-off versus Jack McBain in Philadelphia Phantoms zone.
14:00 of 3rd period - Wrist shot by Gabriel Vilardi.
14:00 of 3rd period - Shot Misses the Net.
14:02 of 3rd period - Slapshot by William Lagesson.
14:02 of 3rd period - Shot Misses the Net.
14:04 of 3rd period - Snap shot by Brendan Gallagher.
14:04 of 3rd period - Deflect By Gabriel Vilardi.
14:04 of 3rd period - Shot Blocked by Tyson Foerster.
14:04 of 3rd period - Puck is out of play.
14:05 of 3rd period - Jack McBain wins face-off versus Gabriel Vilardi in Philadelphia Phantoms zone.
14:05 of 3rd period - Jack McBain is hit by Mark Pysyk.
14:25 of 3rd period - Snap shot by Gabriel Vilardi.
14:25 of 3rd period - Stopped by Dereck Baribeau with a rebound.
14:27 of 3rd period - Snap shot by Gabriel Vilardi.
14:27 of 3rd period - Shot Misses the Net.
14:29 of 3rd period - Slapshot by William Lagesson.
14:29 of 3rd period - Stopped by Dereck Baribeau without a rebound.
14:30 of 3rd period - Nick Cousins wins face-off versus Victor Rask in Philadelphia Phantoms zone.
14:36 of 3rd period - Slapshot by Casey Fitzgerald.
14:36 of 3rd period - Deflect By Olli Juolevi.
14:36 of 3rd period - Stopped by Spencer Martin with a rebound.
14:56 of 3rd period - Olli Juolevi is hit by Casey Fitzgerald and loses puck.
15:01 of 3rd period - Slapshot by Erik Gustafsson.
15:01 of 3rd period - Shot Misses the Net.
15:03 of 3rd period - Wrist shot by Alex Steeves.
15:03 of 3rd period - Shot Misses the Net.
15:23 of 3rd period - Wrist shot by Brendan Gallagher.
15:23 of 3rd period - Shot Misses the Net.
16:21 of 3rd period - Juuso Valimaki is hit by Mathieu Olivier and loses puck.
17:09 of 3rd period - Slapshot by Nick Cousins.
17:09 of 3rd period - Shot Blocked by Mark Pysyk.
17:15 of 3rd period - Shane Bowers is hit by Blake Lizotte and loses puck.
17:19 of 3rd period - Icing by Shane Bowers.
17:20 of 3rd period - Shane Bowers wins face-off versus Jack McBain in Long Beach Ice Dogs zone.
17:31 of 3rd period - Snap shot by Trey Fix-Wolansky.
17:31 of 3rd period - Shot Blocked by Brad Hunt.
17:33 of 3rd period - Snap shot by Jansen Harkins.
17:33 of 3rd period - Shot Misses the Net.
17:35 of 3rd period - Slapshot by Riley Stillman.
17:35 of 3rd period - Shot Blocked by Brad Hunt.
17:43 of 3rd period - Backhand shot by Jansen Harkins.
17:43 of 3rd period - Shot Blocked by Ben McCartney.
17:45 of 3rd period - Slapshot by Janis Moser.
17:45 of 3rd period - Shot Misses the Net.
17:47 of 3rd period - Slapshot by Janis Moser.
17:47 of 3rd period - Shot Misses the Net.
17:49 of 3rd period - Slapshot by Shane Bowers.
17:49 of 3rd period - Stopped by Dereck Baribeau with a rebound.
17:51 of 3rd period - Snap shot by Trey Fix-Wolansky.
17:51 of 3rd period - Stopped by Dereck Baribeau with a rebound.
17:53 of 3rd period - Snap shot by Trey Fix-Wolansky.
17:53 of 3rd period - Shot Blocked by Brad Hunt.
17:55 of 3rd period - Slapshot by Janis Moser.
17:55 of 3rd period - Shot Blocked by William Borgen.
17:57 of 3rd period - Slapshot by Riley Stillman.
17:57 of 3rd period - Shot Misses the Net.
18:01 of 3rd period - Wrist shot by Jansen Harkins.
18:01 of 3rd period - Shot Misses the Net.
18:03 of 3rd period - Slapshot by Shane Bowers.
18:03 of 3rd period - Stopped by Dereck Baribeau without a rebound.
18:04 of 3rd period - Mason Shaw wins face-off versus Logan Brown in Philadelphia Phantoms zone.
18:04 of 3rd period - Mason Shaw is hit by Justin Schultz.
18:15 of 3rd period - Minor Penalty to Jujhar Khaira for Holding.
18:16 of 3rd period - Blake Lizotte wins face-off versus Gabriel Vilardi in Long Beach Ice Dogs zone.
18:22 of 3rd period - Wrist shot by Blake Lizotte.
18:22 of 3rd period - Stopped by Spencer Martin with a rebound.
18:42 of 3rd period - Snap shot by Jaret Anderson-Dolan.
18:42 of 3rd period - Stopped by Spencer Martin with a rebound.
18:44 of 3rd period - Wrist shot by Alexander Holtz.
18:44 of 3rd period - Shot Blocked by Mark Pysyk.
18:46 of 3rd period - Wrist shot by Tyson Foerster.
18:46 of 3rd period - Shot Blocked by Gabriel Vilardi.
18:48 of 3rd period - Snap shot by Erik Gustafsson.
18:48 of 3rd period - Shot Misses the Net.
18:50 of 3rd period - Slapshot by Erik Gustafsson.
18:50 of 3rd period - Shot Misses the Net.
18:52 of 3rd period - Slapshot by Brad Hunt.
18:52 of 3rd period - Stopped by Spencer Martin with a rebound.
Goals for this period are 1 for Long Beach Ice Dogs vs 0 for Philadelphia Phantoms.
Shots for this period are 9 for Long Beach Ice Dogs vs 11 for Philadelphia Phantoms.
Back to the Top